 Dungeon Crawl Stone Soup version 0.30-a0-279-g4b46babb21 (webtiles) character file.

Game seed: 12853810572498055285

8676 hikkokomori the Skirmisher (level 11, -10/106 HPs)
             Began as a Tengu Hunter on Oct 17, 2022.
             Was a High Priest of Okawaru.
             Mangled by a slime creature (13 damage)
             ... on level 11 of the Dungeon.
             The game lasted 00:21:26 (8453 turns).

hikkokomori the Skirmisher (Tengu Hunter)           Turns: 8453, Time: 00:21:27

Health: -10/106    AC: 29    Str: 12    XL:     11   Next: 34%
Magic:  12/12      EV:  2    Int: 13    God:    Okawaru [*****.]
Gold:   420        SH:  0    Dex: 21    Spells: 7/10 levels left

rFire   . . .      SeeInvis .    O - +7 war axe "Bolorph" {pain, Int+3}
rCold   . . .      Faith    +    (no shield)
rNeg    . . .      Spirit   .    (body armour currently unavailable)
rPois   +          Reflect  .    (helmet currently unavailable)
rElec   .          Harm     .    (cloak currently unavailable)
rCorr   .          Rampage  .    (gloves currently unavailable)
Will    .....      NoTele   +    (boots unavailable)
Stlth   ++++......               j - amulet of faith
HPRegen 0.37/turn                p - +4 ring of protection
MPRegen 0.13/turn                z - +4 ring of slaying

@: tree-form
A: stationary, stasis, torment immunity, boosted hp, (beak), (talons 3), nimble
flight
a: Renounce Religion, Heroism, Finesse, Duel


You were on level 11 of the Dungeon.
You worshipped Okawaru.
Okawaru was extremely pleased with you.
You were a tree.
You visited 2 branches of the dungeon, and saw 12 of its levels.

You collected 600 gold pieces.
You spent 180 gold pieces at shops.

Inventory:

Hand Weapons
 a - a +1 shortbow of venom
 x - a +1 vampiric short sword
 B - a +2 vorpal trident
 H - a +3 dagger
 I - a +5 morningstar of freezing
 M - a +4 scimitar
 O - the +7 war axe "Bolorph" (weapon) {pain, Int+3}
   (Okawaru gifted it to you on level 10 of the Dungeon)

   In the hands of one skilled in necromantic magic, it inflicts extra damage on
   living creatures.
   Int:       It affects your intelligence (+3).
 P - a +2 halberd of holy wrath
Armour
 c - a +1 leather armour
 Q - +0 steam dragon scales (melded)
Jewellery
 g - the ring of Ostugufu {Will+ rCorr Int+7}
   (You acquired it on level 10 of the Dungeon)

   [ring of resist corrosion]

   Int:       It affects your intelligence (+7).
   rCorr:     It protects you from acid and corrosion.
   Will:      It increases your willpower.
 j - an amulet of faith (around neck)
 p - a +4 ring of protection (left branch)
 q - a ring of fire
 s - a +6 ring of intelligence
 t - a ring of see invisible
 z - a +4 ring of slaying (right branch)
 E - a +6 ring of intelligence
 T - a ring of wizardry
Wands
 o - a wand of light (4)
 R - a wand of iceblast (3)
Scrolls
 b - a scroll of immolation
 e - a scroll of magic mapping
 f - 2 scrolls of enchant armour
 k - a scroll of amnesia
 l - a scroll of brand weapon
 m - 3 scrolls of blinking
 u - 2 scrolls of torment
 y - 2 scrolls of vulnerability
 C - 4 scrolls of fear
 D - 2 scrolls of poison
 F - a scroll of enchant weapon
 G - 2 scrolls of summoning {unknown}
 K - 2 scrolls of butterflies {unknown}
 S - 4 scrolls of identify
Potions
 d - 2 potions of lignification
 h - 2 potions of flight {unknown}
 i - 4 potions of brilliance
 n - 4 potions of curing
 r - a potion of heal wounds
 v - 3 potions of attraction
 w - a potion of invisibility {unknown}
 A - a potion of mutation {unknown}
 J - a potion of resistance {unknown}
 L - a potion of degeneration {unknown}
 N - a potion of berserk rage {unknown}


   Skills:
 - Level 9.0 Fighting
 + Level 10.8 Ranged Weapons
 + Level 8.8 Dodging
 + Level 8.6 Stealth
 + Level 3.7 Translocations


You had 7 spell levels left.
You knew the following spells:

 Your Spells              Type           Power      Damage    Failure   Level
a - Teleport Other        Tloc           9%         N/A       21%         3

Your spell library contained the following spells:

 Spells                   Type           Power      Damage    Failure   Level
 Gell's Gravitas          Tloc           9%         N/A       21%         3
 Slow                     Hex            0%         N/A       30%         1
 Confusing Touch          Hex            0%         N/A       67%         3
 Stone Arrow              Conj/Erth      0%         3d7       67%         3
 Vampiric Draining        Necr           0%         2d6       67%         3
 Dispersal                Tloc           4%         N/A       100%        6
 Storm Form               Tmut/Air       0%         N/A       100%        7
 Lehudib's Crystal Spear  Conj/Erth      0%         10d2      100%        8
 Maxwell's Capacitive Co  Air            0%         ∞         100%        8
 Animate Armour           Summ/Erth      Unusable   N/A       N/A         4
 Summon Lightning Spire   Summ/Air       Unusable   N/A       N/A         4

Dungeon Overview and Level Annotations

Branches:
Dungeon (11/15)            Temple (1/1) D:6            Lair (0/5) D:10
    Orc: D:9-12

Altars:
Ashenzari
Cheibriados
Dithmenos
Elyvilon
Fedhas
Gozag
Hepliaklqana
Kikubaaqudgha
Makhleb
Nemelex Xobeh
Okawaru
Qazlal
Ru
Sif Muna
Trog
Uskayaw
Vehumet
Wu Jian
Xom
Yredelemnul
Zin
The Shining One

Shops:
D:6 (   D:10 ?

Annotations:
D:6 1 runed translucent door, hikkokomori's ghost, novice TeAE
D:11 Erolcha; Josephine


Innate Abilities, Weirdness & Mutations

You are a tree.
Your roots penetrate the ground, keeping you stationary.
You cannot be teleported.
You are immune to unholy pain and torment.
Your maximum health is greatly increased.
Your equipment is partially melded.
((You have a beak for a mouth.))
((You have claws for feet.))
Your magical nature lets you fly swiftly and evasively.


Message History

* * * LOW HITPOINT WARNING * * *
The orc wizard hits you but does no damage.
The slime creature hits you but does no damage.
You feel much better. The slime creature hits you.
* * * LOW HITPOINT WARNING * * *
The slime creature barely misses you.
The orc wizard hits you but does no damage.
The slime creature hits you but does no damage.
You slice the slime creature!!
You kill the slime creature!
Okawaru accepts your kill.
You completely miss the slime creature. You slash the orc wizard!
You kill the orc wizard!
Okawaru accepts your kill.
You barely miss the slime creature.
The slime creature hits you but does no damage.
You hear some strange, mumbled words.
Something tries to affect you, but you resist.
The slime creature hits you.
* * * LOW HITPOINT WARNING * * *
You hear some strange, mumbled words.
Something tries to affect you, but you resist.
The slime creature hits you but does no damage.
The slime creature hits you!
* * * LOW HITPOINT WARNING * * *
You hit the slime creature.
The slime creature is moderately wounded.
You slash the slime creature!
The slime creature hits you but does no damage. x2
Unknown command.
You slash the slime creature!
The slime creature is almost dead.
You slash the slime creature! You hit something. The slime creature hits you!
* * * LOW HITPOINT WARNING * * *
Something hits you but does no damage.
The slime creature hits you but does no damage.
Something hits you but does no damage.
The slime creature hits you but does no damage.
The slime creature hits you!
You die...

.....##. .#
..# ## .# .
..# ..
#..#...#
#..?...#
##......#
#JJ.....###.
#♣..........
#{##......[.
#..^........
#<.)§.# #
####..# #..#
##..# #.# ..


You could see 2 slime creatures.

Vanquished Creatures
  A centaur warrior (D:8)
  4 two-headed ogres
  Maggie (D:10)
  A troll (D:10)
  A hornet (D:10)
  Prince Ribbit (D:5)
  3 slime creatures
  4 wyverns
  2 basilisks (D:10)
  A wraith (D:10)
  2 yaks
  A steam dragon (D:8)
  2 water moccasins (D:8)
  2 orc warriors
  An ice beast (D:7)
  3 black bears
  2 ogres
  3 phantoms
  A kobold brigand (D:7)
  A bullfrog (D:7)
  2 necrophages
  A gnoll sergeant (D:10)
  3 scorpions
  5 wights (D:8)
  2 howler monkeys
  4 jellies
  3 hounds
  4 orc priests
  Ijyb (D:5)
  6 iguanas
  5 orc wizards
  8 gnolls
  9 adders
  2 shadow imps
  A white imp (D:6)
  2 worms (D:2)
  4 dart slugs
  13 orcs
  6 ball pythons
  2 endoplasms
  3 giant cockroaches
  4 goblins
  9 hobgoblins
  3 quokkas
  4 bats
  5 frilled lizards
  9 kobolds
  8 rats
165 creatures vanquished.

Notes
Turn   | Place    | Note
-------+----------+-------------------------------------------
     0 | D:1      | hikkokomori the Tengu Hunter began the quest for the Orb.
     0 | D:1      | Reached XP level 1. HP: 12/12 MP: 2/2
   140 | D:1      | Reached XP level 2. HP: 17/17 MP: 3/3
   370 | D:1      | Found a faded altar of an unknown god.
   421 | D:1      | Reached XP level 3. HP: 17/22 MP: 4/4
  1223 | D:2      | Reached XP level 4. HP: 17/27 MP: 5/5
  1393 | D:3      | Reached skill level 5 in Ranged Weapons
  1446 | D:3      | Found a shimmering blue altar of Sif Muna.
  1446 | D:3      | Found a sparkling altar of Nemelex Xobeh.
  1691 | D:3      | Found a stormy altar of Qazlal.
  1707 | D:3      | Noticed a scorpion
  1715 | D:3      | Killed a scorpion
  1716 | D:3      | Gained mutation: Your magical nature lets you fly swiftly
                  | and evasively. [Tengu growth]
  1716 | D:3      | Reached XP level 5. HP: 32/32 MP: 6/6
  2105 | D:4      | Reached XP level 6. HP: 38/38 MP: 7/7
  2471 | D:5      | Entered Level 5 of the Dungeon
  2479 | D:5      | Noticed Ijyb
  2487 | D:5      | Killed Ijyb
  2566 | D:5      | Noticed a black bear
  2571 | D:5      | Reached skill level 6 in Ranged Weapons
  2574 | D:5      | Killed a black bear
  2575 | D:5      | Reached XP level 7. HP: 32/44 MP: 8/8
  2668 | D:5      | Found a white marble altar of Elyvilon.
  2669 | D:5      | Found a radiant altar of Vehumet.
  2781 | D:5      | Reached skill level 5 in Fighting
  3005 | D:5      | Noticed Prince Ribbit
  3019 | D:5      | Killed Prince Ribbit
  3020 | D:5      | Reached skill level 7 in Ranged Weapons
  3020 | D:5      | Reached XP level 8. HP: 36/50 MP: 9/9
  3784 | D:6      | Reached skill level 5 in Dodging
  3863 | D:6      | Found a staircase to the Ecumenical Temple.
  3879 | D:6      | Reached skill level 8 in Ranged Weapons
  3979 | Temple   | Entered the Ecumenical Temple
  4008 | Temple   | Became a worshipper of Warmaster Okawaru
  4049 | D:6      | Found Ejavouma's Antique Weapon Emporium.
  4085 | D:6      | Reached skill level 5 in Stealth
  4085 | D:6      | Reached XP level 9. HP: 56/56 MP: 10/10
  4306 | D:6      | Found a hide-covered altar of Uskayaw.
  4342 | D:6      | Found a runed translucent door.
  4350 | D:6      | Noticed hikkokomori's ghost (novice TeAE)
  4755 | D:7      | Reached * piety under Okawaru
  5304 | D:7      | Identified the +2 leather armour of Gluttony {rC+ Str+2
                  | Dex-3}
  5709 | D:8      | Noticed a two-headed ogre
  5734 | D:8      | Killed a two-headed ogre
  5734 | D:8      | Reached ** piety under Okawaru
  5735 | D:8      | Reached skill level 9 in Ranged Weapons
  5976 | D:8      | Reached *** piety under Okawaru
  5977 | D:8      | Reached XP level 10. HP: 36/65 MP: 11/11
  6147 | D:8      | Noticed a centaur warrior
  6162 | D:8      | Killed a centaur warrior
  6415 | D:9      | Learned a level 3 spell: Teleport Other
  6433 | D:9      | Noticed a two-headed ogre
  6442 | D:9      | Killed a two-headed ogre
  6442 | D:9      | Reached **** piety under Okawaru
  6443 | D:9      | Reached skill level 1 in Translocations
  6656 | D:9      | Noticed a manticore
  6659 | D:9      | Noticed a two-headed ogre
  6778 | D:9      | Reached ***** piety under Okawaru
  6851 | D:9      | Noticed a fire dragon
  6855 | D:9      | Noticed a manticore
  6867 | D:9      | Reached skill level 10 in Ranged Weapons
  7112 | D:10     | Entered Level 10 of the Dungeon
  7182 | D:10     | Noticed a two-headed ogre
  7192 | D:10     | Killed a two-headed ogre
  7200 | D:10     | Found a staircase to the Lair.
  7256 | D:10     | Reached XP level 11. HP: 71/71 MP: 12/12
  7296 | D:10     | Noticed Maggie
  7313 | D:10     | Noticed a two-headed ogre
  7315 | D:10     | Killed Maggie
  7323 | D:10     | Killed a two-headed ogre
  7323 | D:10     | Identified the +7 war axe "Bolorph" {pain, Int+3} (Okawaru
                  | gifted it to you on level 10 of the Dungeon)
  7323 | D:10     | Received a gift from Okawaru
  7574 | D:10     | Found a basalt altar of Yredelemnul.
  7728 | D:10     | Identified a scroll of acquirement
  7728 | D:10     | Acquired the ring of Ostugufu {Will+ rCorr Int+7}
  7846 | D:10     | Found Borchox's Magic Scroll Shoppe.
  7979 | D:10     | Bought 3 scrolls of identify for 60 gold pieces
  7979 | D:10     | Bought a scroll of fear for 40 gold pieces
  7979 | D:10     | Bought a scroll of fear for 40 gold pieces
  7979 | D:10     | Bought a scroll of poison for 40 gold pieces
  8195 | D:11     | Noticed Josephine
  8195 | D:11     | Noticed Erolcha
  8453 | D:11     | HP: 3/106 [slime creature (8)]
  8453 | D:11     | Mangled by a slime creature

Illustrated notes

Levels and vault maps discovered:
D:1:      tarquinn_simple_flora_water_b, layout_basic,
          chequers_ecumenical_altar_island, grunt_decor_arrowhead
D:2:      layout_rooms, serial_aquarium, aquarium_bridge_straight
          [aquarium_subvault_bridge, aquarium_subvault_wall,
          aquarium_subvault_bridge, aquarium_subvault_wall],
          aquarium_bridge_straight [aquarium_subvault_bridge,
          aquarium_subvault_wall, aquarium_subvault_bridge,
          aquarium_subvault_wall], aquarium_window_double, aquarium_window_2,
          aquarium_window_double, aquarium_view_2c, aquarium_pool_2
D:3:      layout_basic, chequers_temple_overflow_statue_of_worship,
          mainiacjoe_overflow_24_doors, kennysheep_generic_room_15
D:4:      layout_rooms
D:5:      layout_layer_cave, gammafunk_temple_overflow_statue, minmay_between,
          uniq_prince_ribbit1, uniq_ijyb
D:6:      layout_basic, lemuel_doored_altar, minmay_temple_entry_tees,
          ebering_ghost_sewer_d, serial_shops, nicolae_shop_stone
D:7:      layout_layer_cave
D:8:      layout_rooms
D:9:      minmay_the_grid_square_5x5_4x4 [minmay_the_grid_square_5x5_percent,
          minmay_the_grid_square_5x5_mess, minmay_the_grid_square_5x5_corner,
          minmay_the_grid_square_5x5_six, minmay_the_grid_square_5x5_forky,
          minmay_the_grid_square_5x5_prize_snowflake,
          minmay_the_grid_square_5x5_prize_rear_guard,
          minmay_the_grid_square_5x5_three_walls,
          minmay_the_grid_square_5x5_broken_cross,
          minmay_the_grid_square_5x5_prize_open,
          minmay_the_grid_square_5x5_prize_waves,
          minmay_the_grid_square_5x5_hollow_slash,
          minmay_the_grid_square_5x5_inner_i,
          minmay_the_grid_square_5x5_eight_small,
          minmay_the_grid_square_5x5_two, minmay_the_grid_square_5x5_one_wall],
          layout_long_grid, ebering_ghost_reflecting_pool
D:10:     layout_irregular_city, overflow_temple_1_default, david_lair_generic,
          serial_shops, nicolae_shop_window_shopping, grunt_ministairs_9,
          hangedman_decor_slide_cut, uniq_maggie
D:11:     layout_layer_cave, uniq_josephine, uniq_erolcha
Temple:   hellmonk_temple_two_chambers

Skill      XL: |  1  2  3  4  5  6  7  8  9 10 11 |
---------------+----------------------------------+-----
Fighting       | 3 4 5 6 8 9 |  9.0
Ranged Weapons | 5 6 7 8 9 10 | 10.8
Dodging        | 3 4 5 6 8 |  8.8
Stealth        | 2 3 5 6 7 8 |  8.6
Translocations | 2 3 |  3.7

Action                   |  1- 3 |  4- 6 |  7- 9 | 10-12 || total
-------------------------+-------+-------+-------+-------++-------
Melee: Trident           |       |    58 |    89 |    29 ||   176
       Peck              |       |    11 |    17 |    16 ||    44
       Kick              |       |     7 |    25 |    22 ||    54
       Punch             |       |     1 |       |     2 ||     3
       Morningstar       |       |       |       |     7 ||     7
       War axe           |       |       |       |    33 ||    33
 Fire: Shortbow          |   115 |    25 |   114 |    85 ||   339
Invok: Heroism           |       |       |     1 |     1 ||     2
Evoke: Wand              |       |       |     1 |     2 ||     3
  Use: Scroll            |       |       |    15 |     5 ||    20
       Potion            |       |       |       |     3 ||     3
 Stab: Sleeping          |       |     4 |     2 |       ||     6
       Invisible         |       |       |       |     1 ||     1
Armor: Leather armour    |    21 |    21 |    21 |     6 ||    69
       Skin              |       |       |       |    33 ||    33
       Steam dragon scal |       |       |       |     4 ||     4
Dodge: Dodged            |    28 |    39 |   105 |   104 ||   276

Table legend: (Time is in decaauts)
 A = Elapsed time spent in this place.
 B = Non-inter-level travel time spent in this place.
 C = Inter-level travel time spent in this place.
 D = Time resting spent in this place.
 E = Time spent auto-exploring this place.
 F = Levels seen in this place.
 G = Mean time per level.
                   A        B        C        D        E       F      G
               +--------+--------+--------+--------+--------+-----+--------+
         Total |   8128 |   7665 |    463 |    895 |   5347 |  12 |  677.3 |
       Dungeon |   8088 |   7644 |    444 |    895 |   5338 |  11 |  735.3 |
        Temple |     40 |     21 |     19 |      0 |      9 |   1 |   40.0 |
               +--------+--------+--------+--------+--------+-----+--------+

Top non-repeatable levels by time:
    D:10: 1266 daAuts
     D:8: 1084 daAuts
     D:5: 1054 daAuts
     D:7: 987 daAuts
     D:1: 771 daAuts
     D:6: 731 daAuts
     D:3: 642 daAuts
     D:2: 597 daAuts
     D:9: 471 daAuts
     D:4: 448 daAuts
  Temple: 40 daAuts
    D:11: 33 daAuts
